 Dungeon Crawl Stone Soup version 0.18-a0-1788-g92de1ac (webtiles) character file.

443 Mefis the Magician (level 7, -5/49 HPs)
             Began as a Human Wizard on Apr 20, 2016.
             Shot with an arrow by a centaur (14 damage)
             ... on level 5 of the Dungeon.
             The game lasted 00:58:29 (5281 turns).

Mefis the Magician (Human Wizard)                   Turns: 5281, Time: 00:58:30

Health: -5/49      AC:  4    Str:  7    XL:     7   Next: 23%
Magic:  2/13       EV: 13    Int: 20    God:
Gold:   257        SH:  0    Dex: 12    Spells: 6 memorised, 2 levels left

rFire  . . .     SeeInvis .     w - +3 dagger
rCold  . . .     Gourm    .     a - +0 robe
rNeg   . . .     Faith    .     (no shield)
rPois  .         Spirit   .     b - +0 hat
rElec  .         Dismiss  .     z - +0 cloak
rCorr  .         Reflect  .     (no gloves)
SustAt .         Harm     .     e - +0 pair of boots
MR     .....                    (no amulet)
Stlth  ++........               (no ring)
                                (no ring)

@: flying, not resistant to hostile enchantments, unstealthy
A: no striking features
a: no special abilities


You were on level 5 of the Dungeon.
You were not hungry.

You visited 1 branch of the dungeon, and saw 5 of its levels.

You collected 257 gold pieces.

Inventory:

Hand Weapons
 n - a +1 dagger of venom
 u - a +0 quarterstaff
 v - a +0 hand axe of electrocution
 w - a +3 dagger (weapon)
 B - a +0 hunting sling
Missiles
 g - 68 stones
 h - 40 bolts
 q - 47 poisoned needles
 x - 14 arrows
 D - a javelin (quivered)
 F - 6 tomahawks
Armour
 a - a +0 robe (worn)
 b - a +0 hat (worn)
 e - a +0 pair of boots (worn)
 z - a +0 cloak (worn)
Jewellery
 H - an uncursed amulet of the gourmand {unknown}
Wands
 j - a wand of slowing (28/48)
Scrolls
 k - a scroll of random uselessness {unknown}
 l - 5 scrolls of identify
 o - a scroll of blinking {unknown}
 s - a scroll of remove curse
 t - 2 scrolls of recharging {unknown}
 K - a scroll of teleportation {unknown}
Potions
 r - 3 potions of berserk rage
 C - a potion of heal wounds {unknown}
 I - a potion of might {unknown}
Books
 c - a book of Minor Magic

   Spells                             Type                      Level
   a - Magic Dart                     Conjuration                  1
   b - Blink                          Translocation                2
   c - Call Imp                       Summoning                    2
   d - Repel Missiles                 Charms/Air                   2
   e - Slow                           Hexes                        2
   f - Conjure Flame                  Conjuration/Fire             3
   g - Mephitic Cloud                 Conjuration/Poison/Air       3
 y - a book of Changes

   Spells                             Type                      Level
   a - Beastly Appendage              Transmutation                1
   b - Sticks to Snakes               Transmutation                2
   c - Spider Form                    Transmutation/Poison         3
   d - Ice Form                       Ice/Transmutation            4
   e - Blade Hands                    Transmutation                5
Comestibles
 d - 4 bread rations
 f - a slice of pizza
 m - 2 meat rations
 p - 14 fruits
 E - a royal jelly
 G - a beef jerky
 J - a chunk of flesh


   Skills:
 + Level 1.7 Fighting
 + Level 0.6 Short Blades
 + Level 0.2 Axes
 + Level 0.6 Throwing
 + Level 3.6 Dodging
 + Level 2.4 Stealth
 + Level 4.4 Spellcasting
 + Level 2.4 Conjurations
 + Level 0.6 Charms
 + Level 3.1 Summonings
 + Level 1.0 Translocations
 + Level 0.2 Transmutations
 + Level 0.2 Air Magic


You had 2 spell levels left.
You knew the following spells:

 Your Spells              Type           Power        Failure   Level  Hunger
a - Magic Dart            Conj           ##..         4%          1    None
b - Call Imp              Summ           ###.....     6%          2    #......
c - Blink                 Tloc           N/A          14%         2    #......
d - Repel Missiles        Chrm/Air       #.....       17%         2    #......
e - Mephitic Cloud        Conj/Pois/Air  #.......     30%         3    ###....
f - Sticks to Snakes      Trmt           #.......     21%         2    #......


Dungeon Overview and Level Annotations

Branches:
Dungeon (5/15)
 Temple: D:4-7

Altars:
Elyvilon
Makhleb
Pakellas
Zin


Message History

Casting: Repel Missiles
Confirm with . or Enter, or press ? or * to list all spells.
You create a snake!
You now have 14 arrows.
The centaur shoots an arrow.
The arrow is repelled.
The arrow hits your ball python!
Your ball python dies!
Drink which item? (? for menu, Esc to quit)
It was a potion of flight.
You feel very buoyant.
You fly up into the air.
The centaur shoots an arrow.
The arrow is repelled.
You feel less protected from missiles.
The centaur shoots an arrow.
The arrow hits you.
* * * LOW HITPOINT WARNING * * *
Read which item? (? for menu, Esc to quit)
As you read the scroll of immolation, it crumbles to dust.
The creatures around you are filled with an inner flame!
Read which item? (? for menu, Esc to quit)
Okay, then.
The centaur shoots an arrow.
The arrow hits you!
You die...

#...#...#####...........#
...................###..#
......#######......# #.##
........### #......###.#
...####>..###......#...#
...## ###..#########.###
....# ##.# ##...# ..#.#
#.# ###..### ###..#
###.####(@.##
.###.<.#...#(c..### ..##
#.#....r#### #
...........#.(########..
..#####....#...........#
..# ##.......(....## #...
#.....##......## ##..
......####......# ....
..........(...#.#


You could see a centaur (inner flame) and a quokka.

Vanquished Creatures
  A phantom (D:4)
  2 orc wizards (D:4)
  A worker ant (D:4)
  A gnoll (D:3)
  5 adders
  An ooze (D:2)
  An adder skeleton (D:4)
  An adder zombie (D:5)
  3 dart slugs
  3 orcs
  2 ball pythons
  3 giant cockroaches
  2 goblins
  9 hobgoblins
  6 jackals
  2 quokkas
  5 bats
  A giant gecko skeleton (D:5)
  3 giant newts
  6 kobolds
  5 rats
63 creatures vanquished.

Vanquished Creatures (collateral kills)
  A water moccasin zombie (D:5)
  An orc priest (D:4)
  An iguana (D:4)
  2 orc wizards (D:4)
  A worker ant (D:4)
  3 gnolls (D:3)
  2 adders (D:2)
  A shadow imp (D:5)
  A worm (D:4)
  A giant gecko (D:4)
  4 orcs (D:4)
  2 hobgoblins (D:2)
  3 jackals (D:4)
  2 quokkas
  A goblin (D:3)
  A jackal skeleton (D:4)
27 creatures vanquished.

Grand Total: 90 creatures vanquished

Notes
Turn   | Place    | Note
--------------------------------------------------------------
     0 | D:1      | Mefis the Human Wizard began the quest for the Orb.
     0 | D:1      | Reached XP level 1. HP: 13/13 MP: 4/4
   103 | D:1      | Reached XP level 2. HP: 16/19 MP: 0/6
   113 | D:1      | Learned a level 2 spell: Call Imp
   116 | D:1      | Learned a level 2 spell: Blink
   119 | D:1      | Learned a level 2 spell: Repel Missiles
   762 | D:1      | Reached XP level 3. HP: 22/24 MP: 4/7
  1525 | D:2      | Reached XP level 4. HP: 13/30 MP: 0/9
  1748 | D:2      | Learned a level 3 spell: Mephitic Cloud
  1789 | D:2      | Found an oddly glowing altar of Pakellas.
  2939 | D:3      | Found a white marble altar of Elyvilon.
  2961 | D:3      | Reached XP level 5. HP: 34/36 MP: 6/10
  3797 | D:4      | Noticed a phantom
  3805 | D:4      | Reached XP level 6. HP: 28/42 MP: 11/11
  3858 | D:4      | Killed a phantom
  3858 | D:4      | Reached skill level 1 in Fighting
  3858 | D:4      | Reached skill level 4 in Spellcasting
  4408 | D:4      | Reached XP level 7. HP: 33/48 MP: 1/13
  4505 | D:4      | Learned a level 2 spell: Sticks to Snakes
  4759 | D:5      | Entered Level 5 of the Dungeon
  4814 | D:5      | Found a burning altar of Makhleb.
  4817 | D:5      | Found a glowing silver altar of Zin.
  4818 | D:5      | Noticed a blizzard demon
  4818 | D:5      | Noticed an angel
  5281 | D:5      | Shot with an arrow by a centaur

Vault maps used:
D:1:      dpeg_arrival_yet_another_circle
D:2:      grunt_pakellas_basics
D:3:      first_bread, st_stairs_6, elyvilon_altar_5
D:5:      grunt_temple_overflow_order_and_chaos_2, lemuel_doored_altar,
          kennysheep_okawaru_gauntlet, led_sif_pool, serial_shops, shop

Skill      XL: |  1  2  3  4  5  6 |
---------------+-------------------+-----
Dodging        | 3 |  3.6
Conjurations   | 2 |  2.4
Summonings     | 2 3 |  3.1
Fighting       | 1 |  1.7
Spellcasting   | 4 |  4.4
Short Blades   | |  0.6
Axes           | |  0.2
Throwing       | |  0.6
Stealth        | |  2.4
Charms         | |  0.6
Translocations | |  1.0
Transmutations | |  0.2
Air Magic      | |  0.2

Action                   |  1- 3 |  4- 6 |  7- 9 || total
-------------------------+-------+-------+-------++-------
Melee: Unarmed           |    10 |       |       ||    10
       Dagger            |    33 |    92 |    25 ||   150
       Club              |     1 |       |       ||     1
       Hand axe          |       |     9 |       ||     9
Throw: Stone             |    10 |     5 |       ||    15
       Javelin           |       |     2 |     1 ||     3
 Cast: Magic Dart        |    42 |    62 |    16 ||   120
       Repel Missiles    |     2 |       |     1 ||     3
       Call Imp          |       |    30 |     8 ||    38
       Blink             |       |     2 |       ||     2
       Mephitic Cloud    |       |     3 |       ||     3
       Sticks to Snakes  |       |       |     2 ||     2
  Use: Potion            |     2 |     2 |     1 ||     5
       Scroll            |       |     2 |     1 ||     3
 Stab: Sleeping          |     1 |     4 |       ||     5
  Eat: Bread ration      |     1 |       |     1 ||     2
       Chunk             |       |     7 |     1 ||     8
       Fruit             |       |     1 |       ||     1
Armor: Robe              |    10 |    22 |     8 ||    40
Dodge: Dodged            |    43 |    80 |    18 ||   141
       Deflected         |     1 |       |     5 ||     6
